 Dungeon Crawl Stone Soup version 0.24.0-13-gcf9b319 (webtiles) character file.

Game seed: 17909937110878472400, levelgen mode: deterministic

59 Bronimir the Insei (level 4, 0/34 HPs)
             Began as a Gnoll Transmuter on Apr 3, 2020.
             Slain by a gnoll
             ... wielding a +2 spear of flaming
              (3 damage)
             ... on level 2 of the Dungeon.
             The game lasted 00:02:49 (1435 turns).

Bronimir the Insei (Gnoll Transmuter)               Turns: 1435, Time: 00:02:51

Health: 0/34       AC:  3    Str: 13    XL:     4   Next: 3%
Magic:  8/11       EV: 14    Int: 16    God:
Gold:   26         SH:  0    Dex: 15    Spells: 10/13 levels left

rFire    . . .     SeeInvis .     - Unarmed
rCold    . . .     Gourm    .   (no shield)
rNeg     . . .     Faith    .   l - +0 leather armour (curse)
rPois    .         Spirit   .   (no helmet)
rElec    .         Reflect  .   (no cloak)
rCorr    .         Harm     .   (no gloves)
MR       .....                  (no boots)
Stlth    ++........             (no amulet)
HPRegen  0.11/turn              (no ring)
MPRegen  0.12/turn              (no ring)

@: appendage
A: distributed training, fangs 1, horns 2, strong nose
a: End Transformation


You were on level 2 of the Dungeon.
You were hungry.
You had grown temporary horns.
You visited 1 branch of the dungeon, and saw 2 of its levels.

You collected 26 gold pieces.

Inventory:

Missiles
 a - 11 arrows
 c - 57 stones
 f - 17 sling bullets
 j - 18 bolts
 m - 4 poisoned darts (quivered)
Armour
 b - a +0 robe
 l - a cursed +0 leather armour (worn)
Jewellery
 g - an uncursed ring of stealth {unknown}
Scrolls
 e - a scroll of identify {unknown}
 h - a scroll of blinking {unknown}
 n - a scroll of random uselessness {unknown}
Potions
 i - a potion of haste
Comestibles
 d - 3 rations


   Skills:
 + Level 2.7 Fighting
 + Level 1.0 Short Blades
 + Level 1.0 Long Blades
 + Level 1.0 Axes
 + Level 1.0 Maces & Flails
 + Level 1.0 Polearms
 + Level 1.0 Staves
 + Level 1.0 Slings
 + Level 1.0 Bows
 + Level 1.0 Crossbows
 + Level 1.0 Throwing
 + Level 1.0 Armour
 + Level 4.6 Dodging
 + Level 1.0 Stealth
 + Level 1.0 Shields
 + Level 6.5 Unarmed Combat
 + Level 5.0 Spellcasting
 + Level 0.7 Conjurations
 + Level 0.7 Hexes
 + Level 0.7 Charms
 + Level 0.7 Summonings
 + Level 0.7 Necromancy
 + Level 0.7 Translocations
 + Level 3.8 Transmutations
 + Level 0.7 Fire Magic
 + Level 0.7 Ice Magic
 + Level 0.7 Air Magic
 + Level 0.7 Earth Magic
 + Level 0.7 Poison Magic
 + Level 1.1 Invocations
 + Level 1.0 Evocations


You had 10 spell levels left.
You knew the following spells:

 Your Spells              Type           Power        Failure   Level  Hunger
a - Beastly Appendage     Tmut           ###...       4%          1    None
b - Sticks to Snakes      Tmut           ###.....     6%          2    #......

Your spell library contained the following spells:

 Spells                   Type           Power        Failure   Level  Hunger
 Spider Form              Tmut/Pois      ##........   22%         3    ###....
 Ice Form                 Ice/Tmut       ##......     58%         4    ####...
 Blade Hands              Tmut           ###.......   73%         5    ######.


Dungeon Overview and Level Annotations

Branches:
Dungeon (2/15)

Altars:
Dithmenos


Innate Abilities, Weirdness & Mutations

Your experience applies equally to all skills.
You have very sharp teeth.
Your uncanny sense of smell can sniff out nearby items.
You have a pair of horns on your head.


Message History

You throw a poisoned dart. The poisoned dart hits the gnoll.
The gnoll looks even sicker.
The frilled lizard hisses angrily.
The gnoll hits you from afar with a +2 spear of flaming.
The gnoll burns you.
Casting: Beastly Appendage (safe; 4% risk of failure)
Confirm with . or Enter, or press ? or * to list all spells.
You create a snake!
You now have 11 arrows.
The gnoll hits you from afar with a +2 spear of flaming.
The gnoll burns you.
Your adder barely misses the gnoll.
The gnoll hits you with a +2 spear of flaming.
The gnoll burns you.
Casting: Sticks to Snakes (safe; 6% risk of failure)
Confirm with . or Enter, or press ? or * to list all spells.
You grow a pair of large bovine horns.
Your adder closely misses the gnoll.
The gnoll hits you with a +2 spear of flaming!
* * * LOW HITPOINT WARNING * * *
The gnoll burns you.
You die...

###...#.#.##.#
###..###.#.#
#.## ##..# ###
##.###.#.# ..#
#..#.##.# #.#
####...###.#
#.###..÷..## #.#
#.##...##.# #.#
#@S.......# #.#
#g##...#### #)#
#.###.########.#
#.#######l#
#..........
#(.l..(...#
#.#########
###.#.##### #.#
#.# #.# ∆ ∆#†#
#.# #w# #.#


You could see a gnoll, a frilled lizard and a friendly adder.

Vanquished Creatures
  An adder (D:2)
  2 gnolls (D:2)
  A worm (D:2)
  A dart slug (D:2)
  2 leopard geckos (D:1)
  A ball python (D:2)
  4 bats
  3 goblins (D:1)
  A hobgoblin (D:2)
  2 frilled lizards (D:2)
  7 kobolds (D:1)
  2 rats (D:1)
27 creatures vanquished.

Vanquished Creatures (others)
  A plant (D:1)
1 creature vanquished.

Grand Total: 28 creatures vanquished

Notes
Turn   | Place    | Note
-------+----------+-------------------------------------------
     0 | D:1      | Bronimir the Gnoll Transmuter began the quest for the Orb.
     0 | D:1      | Reached XP level 1. HP: 17/17 MP: 6/6
   244 | D:1      | Reached XP level 2. HP: 21/23 MP: 7/7
   458 | D:1      | Learned a level 2 spell: Sticks to Snakes
  1013 | D:2      | Found a shadowy altar of Dithmenos.
  1034 | D:2      | Reached XP level 3. HP: 28/28 MP: 9/9
  1101 | D:2      | Reached skill level 5 in Spellcasting
  1111 | D:2      | Reached skill level 1 in Invocations
  1115 | D:2      | Reached skill level 1 in Short Blades
  1115 | D:2      | Reached skill level 1 in Long Blades
  1115 | D:2      | Reached skill level 1 in Axes
  1115 | D:2      | Reached skill level 1 in Maces & Flails
  1115 | D:2      | Reached skill level 1 in Polearms
  1115 | D:2      | Reached skill level 1 in Staves
  1115 | D:2      | Reached skill level 1 in Slings
  1115 | D:2      | Reached skill level 1 in Bows
  1115 | D:2      | Reached skill level 1 in Crossbows
  1115 | D:2      | Reached skill level 1 in Throwing
  1115 | D:2      | Reached skill level 1 in Armour
  1115 | D:2      | Reached skill level 1 in Stealth
  1115 | D:2      | Reached skill level 1 in Shields
  1115 | D:2      | Reached skill level 1 in Evocations
  1169 | D:2      | Reached XP level 4. HP: 9/34 MP: 9/11
  1435 | D:2      | Slain by a gnoll

Levels and vault maps discovered:
D:1:      shiori_arrival_maze, layout_rooms, lexackson_kobold_supper
D:2:      layout_loops_ring, nicolae_overflow_crystal_walls

Skill      XL: |  1  2  3 |
---------------+----------+-----
Spellcasting   | 5 |  5.0
Invocations    | 1 |  1.1
Short Blades   | 1 |  1.0
Long Blades    | 1 |  1.0
Axes           | 1 |  1.0
Maces & Flails | 1 |  1.0
Polearms       | 1 |  1.0
Staves         | 1 |  1.0
Slings         | 1 |  1.0
Bows           | 1 |  1.0
Crossbows      | 1 |  1.0
Throwing       | 1 |  1.0
Armour         | 1 |  1.0
Stealth        | 1 |  1.0
Shields        | 1 |  1.0
Evocations     | 1 |  1.0
Fighting       | |  2.7
Dodging        | |  4.6
Unarmed Combat | |  6.5
Conjurations   | |  0.7
Hexes          | |  0.7
Charms         | |  0.7
Summonings     | |  0.7
Necromancy     | |  0.7
Translocations | |  0.7
Transmutations | |  3.8
Fire Magic     | |  0.7
Ice Magic      | |  0.7
Air Magic      | |  0.7
Earth Magic    | |  0.7
Poison Magic   | |  0.7

Action                   |  1- 3 |  4- 6 || total
-------------------------+-------+-------++-------
Melee: Unarmed           |    67 |       ||    67
       Bite              |     2 |       ||     2
       Punch             |     3 |       ||     3
       Headbutt          |     1 |       ||     1
Throw: Dart              |    10 |     4 ||    14
       Stone             |     2 |       ||     2
 Cast: Beastly Appendage |     3 |     1 ||     4
       Sticks to Snakes  |       |     1 ||     1
 Stab: Sleeping          |     2 |       ||     2
  Eat: Chunk             |     1 |       ||     1
Armor: Robe              |     8 |       ||     8
       Leather armour    |     1 |       ||     1
Dodge: Dodged            |    54 |       ||    54
